 Dungeon Crawl Stone Soup version 0.31.0-32-g396128a36d (webtiles) character file.

Game seed: 12721107811156390466

20 turtlemage the Conjurer (level 2, 0/13 HPs)
             Began as a Spriggan Conjurer on Mar 19, 2024.
             Succumbed to an adder's poison
             ... on level 2 of the Dungeon.
             The game lasted 00:11:35 (1127 turns).

turtlemage the Conjurer (Spriggan Conjurer)         Turns: 1127, Time: 00:11:36

Health: 0/13       AC:  2    Str:  9    XL:     2   Next: 58%
Magic:  2/6        EV: 17    Int: 19    God:
Gold:   38         SH:  0    Dex: 13    Spells: 5/6 levels left

rFire   . . .        (weapon restricted)
rCold   . . .        (no shield)
rNeg    . . .        a - +0 robe
rPois   .            (helmet restricted)
rElec   .            (no cloak)
rCorr   .            (gloves unavailable)
SInv    +            (boots unavailable)
Will    .....        (no amulet)
Stlth   ++           e - +6 ring of strength
HPRegen 0.22/turn    (no ring)
MPRegen 0.10/turn

%: no passive effects
@: lethally poisoned (0 -> -6), very quick
A: very small, no large weapons, unfitting armour, see invisible, speed 3
a: no special abilities


You were on level 2 of the Dungeon.
You visited 1 branch of the dungeon, and saw 2 of its levels.

You collected 38 gold pieces.

Inventory:

Missiles
 d - 3 datura-tipped darts
Armour
 a - a +0 robe (worn)
 i - a +0 kite shield
Jewellery
 e - a +6 ring of strength (left hand)
Scrolls
 b - a scroll of blinking {unknown}
 f - a scroll of teleportation {unknown}
Potions
 c - a potion of magic
 h - a potion of curing {unknown}


   Skills:
 + Level 3.0 Dodging
 + Level 3.0 Stealth
 + Level 0.2 Unarmed Combat
 + Level 2.9 Spellcasting
 + Level 3.3 Conjurations


You had 5 spell levels left.
You knew the following spells:

 Your Spells              Type           Power      Damage    Failure   Level
a - Magic Dart            Conj           60%        1d6       3%          1

Your spell library contained the following spells:

 Spells                   Type           Power      Damage    Failure   Level
 Searing Ray              Conj           30%        2d5       6%          2
 Fulminant Prism          Conj/Alch      4%         3d5       61%         4
 Iskenderun's Mystic Bla  Conj/Tloc      9%         2d4       61%         4


Dungeon Overview and Level Annotations

Branches:
Dungeon (2/15)

Altars:

Shops:
D:2 :


Innate Abilities, Weirdness & Mutations

You are very small and have problems with some larger weapons.
You are too small for most types of armour.
You have supernaturally acute eyesight. (SInv)
You cover ground extremely quickly. (Speed+++)


Message History

Aim: a quokka (heavily wounded, 100% to hit)
The magic dart hits the quokka.
You kill the quokka!
Your enlightenment fades.
Casting: Magic Dart (safe; 4% risk of failure)
Confirm with . or Enter, or press ? or * to list all spells.
Aiming: Magic Dart (safe; 4% risk of failure)
Press: ? - help, Shift-Dir - straight line, f - goblin
Aim: a goblin, wielding a +0 dagger (100% to hit)
The magic dart hits the goblin.
You kill the goblin!
Casting: Magic Dart (safe; 3% risk of failure)
Confirm with . or Enter, or press ? or * to list all spells.
Aiming: Magic Dart (safe; 3% risk of failure)
Press: ? - help, Shift-Dir - straight line, f - adder
Aim: an adder (100% to hit)
The magic dart hits the adder.
The adder is moderately wounded.
The adder completely misses you. The adder attacks as it pursues you!
The adder misses you.
There is a fountain of clear blue water here.
Found a scroll labelled ACVUTO JISO.
The adder attacks as it pursues you! The adder barely misses you.
A goblin comes into view. It is wielding a +0 dagger.
You hit the adder.
The adder is heavily wounded.
The adder bites you.
You hit the adder but do no damage.
The adder is heavily wounded.
The goblin shouts!
The adder bites you. x2
You barely miss the adder.
The adder is moderately wounded.
The goblin unwields a +0 dagger.
The goblin wields a +0 sling.
The goblin shoots a sling bullet.
The sling bullet closely misses you. The adder bites you.
* * * LOW HITPOINT WARNING * * *
You are lethally poisoned!
The adder poisons you!
You die...

#. ### #.##... #.#...
#.#?g# #.#..#
#.#..##.# #.#..##.###
. #.@.........#
###..##.##.# ##
#S......# ##.#
###..#.##.###.#
##......###.#..#
##..⌠.⌠)..##....##
#.......#........###
#.<..∩..#...........
##.#.....#...)....###


You could see an adder and a goblin.

Vanquished Creatures
  A bat (D:1)
  2 endoplasms (D:1)
  A giant cockroach (D:1)
  4 goblins
  A hobgoblin (D:1)
  A quokka (D:2)
  A frilled lizard (D:1)
  5 kobolds
  2 rats (D:1)
18 creatures vanquished.

Notes
Turn   | Place    | Note
-------+----------+-------------------------------------------
     0 | D:1      | turtlemage the Spriggan Conjurer began the quest for the
                  | Orb.
     0 | D:1      | Reached XP level 1. HP: 9/9 MP: 5/5
   353 | D:1      | Reached XP level 2. HP: 13/13 MP: 2/6
  1029 | D:2      | Found Liosom's Vocational Training.
  1127 | D:2      | Succumbed to an adder's poison

Illustrated notes

Levels and vault maps discovered:
D:1:      dpeg_arrival_connections, layout_loops_ring
D:2:      layout_loops_ring, nicolae_shop_vocational

Skill      XL: |  1  2 |
---------------+-------+-----
Conjurations   | 3 |  3.3
Dodging        | 3 |  3.0
Stealth        | |  3.0
Unarmed Combat | |  0.2
Spellcasting   | |  2.9

Action                     || total
---------------------------++-------
  Melee: Unarmed           ||    24
         Dagger            ||     6
   Cast: Magic Dart        ||    30
    Use: Scroll            ||     1
         Potion            ||     1
   Stab: Sleeping          ||     1
 Armour: Robe              ||    12
  Dodge: Dodged            ||    23
